Map: 2000 атмосфер РВ

Players

ИИ 1 (эксперт) - Winner!

  • Race: Protoss Protoss

Doll

  • Race: Terran Terran

VOD

Have the link to the VOD?

Description

Time

  • Played on: July 30, 2021, 4:25 p.m.
  • Length: 9:57
Show
View Real Time Build Order
Export as new Build Order

ИИ 1 (эксперт) Protoss - Winner!

Build Orders: Colossus Rush 

Get SALT Encoding   

  12  0:00  Probe  
  13  0:13  Probe  
  14  0:19  Pylon  
  14  0:25  Probe  
  15  0:34  Probe  
  15  0:42  Probe  
  16  0:47  Assimilator  
  17  0:50  Gateway  
  17  0:52  Probe  
  18  1:00  Pylon, Probe  
  19  1:08  Probe  
  19  1:18  Probe  
  21  1:30  Probe  
  22  1:39  Zealot  
  24  1:42  Probe  
  25  1:48  Nexus  
  25  2:00  Probe  
  25  2:01  Cybernetics Core  
  25  2:08  Probe  
  27  2:16  Probe  
  28  2:28  Pylon, Probe  
  29  2:37  Stalker, Warp Gate, Gateway  
  29  2:42  Assimilator  
  31  2:46  Probe  
  32  2:55  Pylon  
  32  2:58  Probe  
  33  3:00  Probe  
  33  3:01  Adept  
  34  3:06  Probe  
  34  3:12  Probe  
  38  3:20  Robotics Facility  
  38  3:24  Probe, Adept  
  41  3:28  Probe  
  41  3:30  Adept  
  44  3:36  Probe  
  44  3:40  Probe  
  46  3:47  Adept  
  46  3:48  Probe  
  47  3:52  Probe  
  47  3:55  Adept  
  50  4:00  Probe  
  53  4:04  Probe  
  54  4:11  Robotics Bay  
  54  4:12  Observer, Probe  
  54  4:14  Adept  
  54  4:16  Pylon  
  54  4:17  Probe  
  57  4:18  Robotics Facility  
  59  4:24  Probe  
  59  4:26  Pylon  
  59  4:30  Stalker  
  62  4:36  Probe  
  62  4:38  Probe  
  64  4:39  Pylon  
  64  4:51  Stalker  
  66  4:58  Gateway  
  66  5:06  Pylon  
  66  5:08  Zealot  
  66  5:12  Zealot  
  66  5:13  Colossus  
  76  5:21  Pylon  
  76  5:25  Zealot  
  78  5:28  Zealot  
  80  5:44  Stalker  
  80  5:45  Probe x2  
  80  5:47  Assimilator  
  80  5:49  Forge, Sentry  
  86  5:51  Assimilator  
  86  5:53  Stalker  
  86  5:55  Nexus, Forge  
  88  6:07  Stalker  
  88  6:09  Probe  
  88  6:11  Pylon  
  91  6:13  Probe  
  91  6:17  Immortal, Probe  
  97  6:27  Immortal  
  97  6:31  Protoss Ground Armor Level 1  
  101  6:33  Pylon  
  101  6:36  Protoss Ground Weapons Level 1  
  101  6:38  Pylon  
  101  6:45  Gateway  
  101  6:54  Colossus  
  101  6:58  Photon Cannon  
  101  7:00  Pylon  
  101  7:08  Probe x2  
  108  7:09  Probe  
  108  7:15  Sentry, Assimilator  
  112  7:20  Probe  
  112  7:21  Pylon, Probe x2  
  112  7:22  Assimilator  
  115  7:23  Photon Cannon  
  115  7:24  Photon Cannon  
  115  7:32  Probe  
  115  7:33  Colossus, Probe x2  
  124  7:40  Photon Cannon  
  124  7:44  Probe  
  124  7:46  Probe x2  
  124  7:50  Stalker  
  117  7:53  Zealot  
  117  7:55  Sentry  
  117  7:56  Pylon, Probe  
  117  7:58  Probe x2  
  113  7:59  Photon Cannon  
  113  8:02  Stalker  
  114  8:06  Probe  
  114  8:09  Probe  
  114  8:11  Probe  
  117  8:13  Sentry  
  117  8:14  Probe, Zealot  
  117  8:16  Photon Cannon  
  117  8:17  Colossus  
  117  8:18  Observer  
  122  8:20  Photon Cannon  
  122  8:21  Probe  
  129  8:37  Zealot  
  129  8:39  Disruptor  
  134  9:00  Photon Cannon  
  134  9:01  Nexus, Immortal  
  134  9:05  Warp Prism  
  140  9:23  Pylon  
  140  9:39  Gateway  
  140  9:43  Twilight Council  
  145  9:48  Robotics Facility  
  145  9:50  Stargate  
  145  9:51  Stalker  
  147  9:55  Pylon  
  147  9:56  Stalker  
Show
View Real Time Build Order
Export as new Build Order

Doll Terran 

Build Orders: Mech 

Get SALT Encoding   

  12  0:00  SCV  
  13  0:14  Supply Depot  
  13  0:18  SCV  
  14  0:30  SCV  
  15  0:40  Barracks  
  15  0:43  SCV  
  16  0:56  SCV  
  17  1:16  Command Center  
  17  1:20  SCV  
  18  1:27  Marine  
  18  1:30  Supply Depot  
  19  1:33  SCV  
  20  1:45  Marine, Barracks  
  21  1:49  SCV  
  22  1:57  Refinery  
  23  2:01  SCV  
  23  2:03  Marine  
  24  2:14  Barracks  
  24  2:15  SCV  
  25  2:21  Marine  
  26  2:29  Orbital Command  
  26  2:33  SCV  
  26  2:36  Marine  
  28  2:43  Marine  
  29  2:45  SCV  
  30  2:54  SCV, Refinery  
  30  2:56  Marine  
  32  3:00  SCV  
  32  3:01  Marine  
  32  3:02  Marine  
  35  3:09  SCV, Supply Depot  
  36  3:13  SCV  
  36  3:15  Marine  
  38  3:20  Marine x2  
  38  3:22  SCV  
  38  3:26  SCV  
  42  3:32  Factory  
  42  3:33  Marine  
  43  3:36  SCV  
  43  3:38  SCV  
  43  3:39  Marine  
  43  3:40  Marine  
  47  3:49  SCV  
  47  3:51  Orbital Command  
  47  3:52  Barracks Tech Lab  
  48  3:57  Supply Depot  
  48  3:58  Barracks Tech Lab  
  48  3:59  Marine  
  49  4:03  SCV  
  50  4:11  Marine, Stimpack  
  50  4:16  SCV, Bunker  
  52  4:18  Combat Shield  
  52  4:19  Marine  
  52  4:21  SCV, Marine  
  55  4:29  Starport  
  55  4:30  SCV  
  56  4:33  SCV  
  56  4:35  Marine  
  58  4:39  Marine  
  58  4:42  SCV  
  60  4:46  Supply Depot  
  60  4:47  SCV  
  60  4:48  Supply Depot  
  61  4:53  Engineering Bay  
  61  4:57  SCV, Engineering Bay  
  61  4:59  Barracks Tech Lab  
  62  5:06  Starport Reactor, Barracks  
  62  5:08  Factory Tech Lab  
  62  5:09  SCV, Barracks  
  62  5:11  SCV  
  62  5:12  Marine  
  62  5:14  Marine  
  66  5:19  Concussive Shells  
  66  5:21  Terran Infantry Weapons Level 1  
  66  5:23  SCV  
  66  5:26  Refinery  
  66  5:27  SCV, Refinery  
  68  5:40  SCV x2  
  70  5:45  Command Center, Marauder  
  70  5:46  Medivac  
  70  5:48  Medivac  
  76  5:51  Marauder  
  76  5:54  Barracks Tech Lab  
  78  5:58  Barracks Tech Lab, Supply Depot  
  78  6:02  Supply Depot  
  78  6:09  Missile Turret  
  78  6:12  Terran Infantry Armor Level 1  
  78  6:16  Supply Depot  
  78  6:20  SCV  
  78  6:21  SCV  
  78  6:22  Medivac, Marine  
  78  6:23  Marine x3  
  78  6:24  Marine  
  87  6:27  Medivac  
  89  6:34  SCV x2  
  91  6:41  Factory  
  91  6:44  Ghost Academy  
  91  6:46  Marauder x2  
  95  6:48  SCV  
  95  6:49  SCV  
  95  6:53  Marauder  
  99  6:54  Marauder  
  99  6:56  Marine  
  99  6:58  SCV  
  103  7:01  Supply Depot  
  103  7:09  Starport  
  103  7:10  SCV x3  
  106  7:21  Armory  
  106  7:23  Marauder  
  106  7:24  SCV, Marauder, Marine  
  106  7:25  SCV  
  106  7:26  Factory, Orbital Command  
  106  7:27  Marine  
  106  7:28  Marine  
  115  7:31  Factory Tech Lab  
  115  7:36  Siege Tank  
  118  7:39  Supply Depot  
  118  7:41  Supply Depot  
  120  7:44  SCV x2  
  120  7:50  Marauder x3  
  120  7:51  Marauder x2  
  113  7:57  SCV  
  113  7:58  SCV x2  
  89  8:07  Starport Tech Lab  
  89  8:15  Factory Tech Lab  
  89  8:21  Personal Cloaking  
Tags
 
Add a new tag
Caveats
  • Supply blocks, unpowered buildings, or Contaminate may cause inaccurate times.
  • Supply counts are checked every 10 seconds.